 Dungeon Crawl Stone Soup version 0.19.1-1-g22dce08 (webtiles) character file.

1946 dngmouse the Chopper (level 8, -3/76 HPs)
             Began as a Deep Dwarf Fighter on Jan 11, 2017.
             Was a Follower of Makhleb.
             Slain by a wight
             ... wielding a +6 morningstar
              (10 damage)
             ... on level 7 of the Dungeon.
             The game lasted 00:33:29 (5453 turns).

dngmouse the Chopper (Deep Dwarf Fighter)           Turns: 5453, Time: 00:33:34

Health: -3/76      AC: 10    Str: 21    XL:     8   Next: 98%
Magic:  22/22      EV:  5    Int: 10    God:    Makhleb [*.....]
Gold:   422        SH:  9    Dex: 12    Spells: 0 memorised, 7 levels left

rFire  . . .     SeeInvis +     D - +0 war axe of Governance {drain, *Slow rC++ MR+ SInv} (curse)
rCold  + + .     Gourm    .     w - +0 chain mail
rNeg   . . .     Faith    .     c - +0 shield
rPois  .         Spirit   .     t - +1 hat
rElec  .         Reflect  .     u - +0 cloak
rCorr  .         Harm     .     (no gloves)
MR     ++...     Rnd*Tele +     (no boots)
Stlth  ..........               z - amulet of magic regeneration
                                i - ring of magical power
                                g - +3 ring of protection

@: non-regenerating, drained
A: damage resistance, recharge devices, blurry vision 1, deformed body, sense
surroundings 1, slow regeneration 3, teleportitis 1
a: Device Recharging, Renounce Religion


You were on level 7 of the Dungeon.
You worshipped Makhleb.
Makhleb was aware of your devotion.
You were not hungry.

You visited 2 branches of the dungeon, and saw 8 of its levels.
You also visited: Ossuary.

You collected 422 gold pieces.

Inventory:

Hand Weapons
 D - the cursed +0 war axe of Governance (weapon) {drain, *Slow rC++ MR+ SInv}
   (You found it on level 4 of the Dungeon)

   A truly terrible weapon, it drains the life of those it strikes.
   It greatly protects you from cold.
   It affects your resistance to hostile enchantments.
   It lets you see invisible.
   It may slow you when you take damage.
   It has a curse placed upon it.
Missiles
 p - 4 javelins (quivered)
Armour
 c - a +0 shield (worn)
 j - a cursed +0 ring mail
 t - a +1 hat (worn)
 u - a +0 cloak (worn)
 w - a +0 chain mail (worn)
Jewellery
 g - a +3 ring of protection (left hand)
 i - a ring of magical power (right hand)
 z - an amulet of magic regeneration (around neck)
 K - an uncursed ring of magical power
Wands
 d - a wand of random effects (10/48)
 e - a wand of heal wounds (5/9)
 m - a wand of acid (0/15)
 r - a wand of digging (10/24)
Scrolls
 k - 6 scrolls of identify
 l - 8 scrolls of remove curse
 q - a scroll of enchant armour
 v - a scroll of immolation
 C - a scroll of random uselessness {unknown}
 E - a scroll of enchant weapon
 G - a scroll of teleportation
 I - a scroll of amnesia {unknown}
 J - a scroll of noise {unknown}
Potions
 x - 2 potions of flight
 A - 2 potions of lignification
 B - 7 potions of curing
 F - 2 potions of resistance
Comestibles
 a - 11 chunks of flesh
 b - 2 slices of pizza
 f - 2 bread rations
 h - 4 meat rations
 H - 6 fruits


   Skills:
 + Level 6.0(5.0) Fighting
 + Level 7.1(6.1) Axes
 + Level 5.0(4.1) Armour
 - Level 3.2(2.4) Shields
 * Level 7.0(6.0) Invocations
 + Level 5.8(4.8) Evocations


You had 7 spell levels left.
You didn't know any spells.

Dungeon Overview and Level Annotations

Branches:
Dungeon (7/15)             Temple (1/1) D:4

Altars:
Dithmenos
Gozag
Hepliaklqana
Kikubaaqudgha
Makhleb
Nemelex Xobeh
Okawaru
Ru
Sif Muna
Vehumet
Xom
The Shining One


Innate Abilities, Weirdness & Mutations

You are resistant to damage.
You can recharge devices by infusing magical energy.
You passively map a small area around you.
You do not regenerate.
Scrolls take you a little longer to read.
Armour fits poorly on your strangely shaped body.
You are occasionally teleported next to monsters.


Message History

You closely miss the wight.
The wight is heavily damaged.
You hit the wight but do no damage. The wight barely misses you.
You block the wight's attack. The wight hits you but does no damage.
You hit the wight.
The wight is severely damaged.
You closely miss the wight. The wight barely misses you.
The wight hits you with an enchanted spear.
* * * LOW HITPOINT WARNING * * *
You hit the wight but do no damage.
The wight is severely damaged.
You hit the wight. The wight barely misses you. You block the wight's attack.
You slash the wight!
You destroy the wight!
Makhleb accepts your kill.
Your base Fighting skill increases to level 6!
Your base Invocations skill increases to level 7!
You closely miss the wight.
The wight hits you with an enchanted morningstar!
You die...

, , , ###.**
..#*## , * * *
...###..##.. *
#.......... ,
# ...#..... ,
#.# *#......#
** ,
....###......#
,
#.#......)z..#
*
.......).@...#
* ,
.#####..)...#
*, ######.#* *
, .#* * , ,.#
* ,, , .# * ,
* , ,.# * # *,
, ,


You could see a wight.

Vanquished Creatures
  A troll (D:5)
  Eustachio (D:4)
  3 sky beasts
  A black bear (D:6)
  3 centaurs (D:6)
  An elf zombie (Ossuary)
  3 wights (D:7)
  4 crimson imps
  2 jellies (D:6)
  3 orc priests
  A centaur skeleton (D:6)
  2 hounds (D:6)
  Crazy Yiuf (D:6)
  3 orc wizards (D:6)
  2 worker ants
  A killer bee zombie (D:5)
  3 mummies (Ossuary)
  A howler monkey zombie (D:6)
  9 adders
  An ooze (D:4)
  3 adder zombies (Ossuary)
  An adder skeleton (D:5)
  2 dart slugs
  3 leopard geckos (D:1)
  12 orcs
  14 giant cockroaches
  A hobgoblin (D:1)
  A jackal (D:1)
  4 quokkas
  4 bats
  6 frilled lizards
  6 goblins
  2 goblin zombies (Ossuary)
  3 hobgoblin zombies (Ossuary)
  A jackal zombie (D:7)
  6 kobolds
  4 kobold zombies (Ossuary)
  2 quokka zombies (Ossuary)
  6 rats
  3 rat zombies (Ossuary)
130 creatures vanquished.

Notes
Turn   | Place    | Note
-------+----------+-------------------------------------------
     0 | D:1      | dngmouse the Deep Dwarf Fighter began the quest for the Orb.
     0 | D:1      | Reached XP level 1. HP: 20/20 MP: 1/1
   197 | D:1      | Reached XP level 2. HP: 25/27 MP: 2/2
   669 | D:2      | Reached XP level 3. HP: 25/34 MP: 3/3
   712 | D:2      | Found a shimmering altar of Xom.
   715 | D:2      | Found an ancient bone altar of Kikubaaqudgha.
   716 | D:2      | Found a sacrificial altar of Ru.
   716 | D:2      | Found a glowing golden altar of the Shining One.
   717 | D:2      | Found a radiant altar of Vehumet.
   718 | D:2      | Found a hazy altar of Hepliaklqana.
  1226 | D:2      | Reached XP level 4. HP: 13/42 MP: 4/4
  2161 | D:4      | Reached skill level 1 in Evocations
  2249 | D:4      | Noticed Eustachio
  2269 | D:4      | Killed Eustachio
  2269 | D:4      | Reached XP level 5. HP: 11/51 MP: 6/6
  2320 | D:4      | Found a staircase to the Ecumenical Temple.
  2324 | Temple   | Entered the Ecumenical Temple
  2352 | Temple   | Became a worshipper of Makhleb the Destroyer
  2496 | D:4      | Gained mutation: Armour fits poorly on your strangely shaped body. [potion of mutation]
  2496 | D:4      | Gained mutation: You are occasionally teleported next to monsters. [potion of mutation]
  2496 | D:4      | Gained mutation: Scrolls take you a little longer to read. [potion of mutation]
  2623 | D:4      | HP: 2/51 [worker ant (3)]
  2627 | D:4      | Reached skill level 5 in Axes
  2627 | D:4      | Reached XP level 6. HP: 23/58 MP: 7/7
  2847 | D:4      | Got a pitted war axe
  2848 | D:4      | Identified the cursed +0 war axe of Governance {drain, *Slow rC++ MR+ SInv} (You found it on level 4 of the Dungeon)
  3345 | D:5      | Entered Level 5 of the Dungeon
  3388 | D:5      | Found a sand-covered staircase.
  3395 | Ossuary  | Entered an ossuary
  3411 | Ossuary  | HP: 2/58 [mummy (10)]
  3570 | Ossuary  | Reached skill level 5 in Fighting
  3592 | Ossuary  | Reached * piety under Makhleb
  3775 | D:5      | Noticed a troll
  3801 | D:5      | Killed a troll
  3801 | D:5      | Reached XP level 7. HP: 11/67 MP: 9/9
  4386 | D:6      | Reached XP level 8. HP: 20/75 MP: 11/11
  4434 | D:6      | Found a runed door.
  4754 | D:6      | Reached skill level 5 in Invocations
  4754 | D:6      | Reached skill level 5 in Evocations
  5272 | D:6      | Noticed Crazy Yiuf
  5283 | D:6      | Killed Crazy Yiuf
  5449 | D:7      | Reached skill level 5 in Armour
  5453 | D:7      | Slain by a wight

Skill      XL: |  1  2  3  4  5  6  7  8 |
---------------+-------------------------+-----
Axes           | 3 4 5 6 7 |  7.1
Fighting       | 3 4 5 6 |  6.0
Evocations     | 2 3 4 5 |  5.8
Invocations    | 2 4 7 |  7.0
Armour         | 5 |  5.0
Shields        | |  3.2

Action                   |  1- 3 |  4- 6 |  7- 9 || total
-------------------------+-------+-------+-------++-------
Melee: War axe           |   213 |   258 |   220 ||   691
Evoke: Wand              |       |     6 |     4 ||    10
  Use: Scroll            |     2 |       |     8 ||    10
       Potion            |       |    12 |     1 ||    13
 Stab: Betrayed ally     |       |       |     1 ||     1
  Eat: Chunk             |     2 |     7 |     6 ||    15
       Beef jerky        |       |     1 |       ||     1
Armor: Scale mail        |    64 |       |       ||    64
       Chain mail        |    70 |   136 |    98 ||   304
Dodge: Dodged            |    51 |    66 |    44 ||   161
Block: Shield            |   122 |   127 |   123 ||   372
